 Dungeon Crawl Stone Soup version 0.21.1-1-g345015fe64 (webtiles) character file.

126 Veo the Charmwright (level 5, -3/43 HPs)
             Began as a Gnoll Skald on Mar 23, 2018.
             Slain by a gnoll
             ... wielding a +0 halberd
              (9 damage)
             ... on level 3 of the Dungeon.
             The game lasted 00:43:05 (2341 turns).

Veo the Charmwright (Gnoll Skald)                   Turns: 2341, Time: 00:43:05

Health: -3/43      AC:  7    Str: 15    XL:     5   Next: 10%
Magic:  12/12      EV: 11    Int: 15    God:
Gold:   196        SH:  0    Dex: 14    Spells: 8/14 levels left

rFire    . . .     SeeInvis .   a - +1 spear {Longest Dick Evah}
rCold    + . .     Gourm    .   (no shield)
rNeg     . . .     Faith    .   r - +1 scale mail {rC+}
rPois    .         Spirit   .   (no helmet)
rElec    .         Reflect  .   (no cloak)
rCorr    .         Harm     .   (no gloves)
MR       .....                  (no boots)
Stlth    ..........             (no amulet)
HPRegen  0.14/turn              (no ring)
MPRegen  0.13/turn              v - ring of wizardry

@: no status effects
A: distributed training, fangs 1, strong nose
a: no special abilities


You were on level 3 of the Dungeon.
You were not hungry.

You visited 1 branch of the dungeon, and saw 3 of its levels.

You collected 196 gold pieces.

Inventory:

Hand Weapons
 a - a +1 spear (weapon) {Longest Dick Evah}
 f - a +0 falchion
 l - a +1 dagger of venom
 q - a +0 hand axe
 t - a +0 flail
Missiles
 h - 46 stones (quivered)
 m - 42 arrows
 n - 10 poisoned needles
Armour
 r - a +1 scale mail of cold resistance (worn)
Jewellery
 u - an uncursed ring of fire
 v - a ring of wizardry (right hand)
Scrolls
 e - 2 scrolls of teleportation
 k - a scroll of noise
 o - 2 scrolls of identify
 p - a scroll of blinking
Potions
 i - 3 potions of heal wounds {unknown}
 s - a potion of haste {unknown}
Books
 c - a book of Battle

   Spells                             Type                      Level
   a - Infusion                       Charms                       1
   b - Shroud of Golubria             Charms/Translocation         2
   c - Song of Slaying                Charms                       2
   d - Spectral Weapon                Hexes/Charms                 3
   e - Regeneration                   Charms/Necromancy            3
Comestibles
 d - a ration


   Skills:
 + Level 4.7 Fighting
 + Level 1.3 Short Blades
 + Level 1.3 Long Blades
 + Level 1.3 Axes
 + Level 1.3 Maces & Flails
 + Level 4.7 Polearms
 + Level 1.3 Staves
 + Level 1.3 Slings
 + Level 1.3 Bows
 + Level 1.3 Crossbows
 + Level 1.3 Throwing
 + Level 2.8 Armour
 + Level 4.7 Dodging
 + Level 1.3 Stealth
 + Level 1.3 Shields
 + Level 1.3 Unarmed Combat
 + Level 5.1 Spellcasting
 + Level 1.0 Conjurations
 + Level 1.0 Hexes
 + Level 5.5 Charms
 + Level 1.0 Summonings
 + Level 1.0 Necromancy
 + Level 1.0 Translocations
 + Level 1.0 Transmutations
 + Level 1.0 Fire Magic
 + Level 1.0 Ice Magic
 + Level 1.0 Air Magic
 + Level 1.0 Earth Magic
 + Level 1.0 Poison Magic
 + Level 1.4 Invocations
 + Level 1.3 Evocations


You had 8 spell levels left.
You knew the following spells:

 Your Spells              Type           Power        Failure   Level  Hunger
a - Infusion              Chrm           ###.         2%          1    None
b - Regeneration          Chrm/Necr      ##........   19%         3    ###....
c - Shroud of Golubria    Chrm/Tloc      ##........   10%         2    ##.....


Dungeon Overview and Level Annotations

Branches:
Dungeon (3/15)

Altars:
Yredelemnul


Innate Abilities, Weirdness & Mutations

Your experience applies equally to all skills.
You have very sharp teeth.
Your uncanny sense of smell can sniff out nearby items.


Message History

Okay, then.
Attack whom?
Press: ? - help, Dir - move target cursor, f - gnoll
Aim: a gnoll, wielding a club (heavily wounded)
You closely miss the gnoll.
The gnoll is heavily wounded.
The gnoll completely misses you.
The gnoll hits you from afar with a spear.
* * * LOW HITPOINT WARNING * * *
The gnoll hits you but does no damage.
Casting: Shroud of Golubria
Confirm with . or Enter, or press ? or * to list all spells.
You don't know that spell.
Attack whom?
Press: ? - help, Dir - move target cursor, f/p - gnoll
Aim: a gnoll, wielding a club (heavily wounded)
You hit the gnoll.
You kill the gnoll!
The gnoll hits you from afar with a halberd!
You die...

........###.. #...
............ #...
.......... #... .
........ #...
..#####....##########...
..........<...##.....#..
.>.....$.............#..
.....g..................
.....g)@................
.....g##................
...... ####.............
...... #.............
..>.. #.............
..... #.............
.... #.............
#.............
####....######


You could see 3 gnolls.

Vanquished Creatures
  A gnoll (D:3)
  3 adders
  An ooze (D:1)
  3 worms
  A dart slug (D:2)
  2 leopard geckos
  An orc (D:3)
  8 giant cockroaches
  10 goblins
  6 hobgoblins
  8 jackals (D:3)
  A quokka (D:3)
  A ball python (D:3)
  8 bats
  2 frilled lizards
  5 kobolds
  8 rats
  A spectral orc (D:3)
70 creatures vanquished.

Notes
Turn   | Place    | Note
-------+----------+-------------------------------------------
     0 | D:1      | Veo the Gnoll Skald began the quest for the Orb.
     0 | D:1      | Reached XP level 1. HP: 20/20 MP: 6/6
   307 | D:1      | Reached XP level 2. HP: 26/26 MP: 7/7
   810 | D:1      | Reached XP level 3. HP: 31/31 MP: 9/9
   838 | D:1      | Reached skill level 5 in Spellcasting
  1311 | D:2      | Reached skill level 1 in Invocations
  1316 | D:2      | Learned a level 3 spell: Regeneration
  1373 | D:2      | Reached skill level 1 in Short Blades
  1373 | D:2      | Reached skill level 1 in Long Blades
  1373 | D:2      | Reached skill level 1 in Axes
  1373 | D:2      | Reached skill level 1 in Maces & Flails
  1373 | D:2      | Reached skill level 1 in Staves
  1373 | D:2      | Reached skill level 1 in Slings
  1373 | D:2      | Reached skill level 1 in Bows
  1373 | D:2      | Reached skill level 1 in Crossbows
  1373 | D:2      | Reached skill level 1 in Throwing
  1373 | D:2      | Reached skill level 1 in Stealth
  1373 | D:2      | Reached skill level 1 in Shields
  1373 | D:2      | Reached skill level 1 in Unarmed Combat
  1373 | D:2      | Reached skill level 1 in Evocations
  1373 | D:2      | Reached XP level 4. HP: 16/38 MP: 11/11
  1816 | D:2      | Learned a level 2 spell: Shroud of Golubria
  1992 | D:3      | Found a basalt altar of Yredelemnul.
  2058 | D:3      | Reached skill level 1 in Conjurations
  2058 | D:3      | Reached skill level 1 in Hexes
  2058 | D:3      | Reached skill level 1 in Summonings
  2058 | D:3      | Reached skill level 1 in Necromancy
  2058 | D:3      | Reached skill level 1 in Translocations
  2058 | D:3      | Reached skill level 1 in Transmutations
  2058 | D:3      | Reached skill level 1 in Fire Magic
  2058 | D:3      | Reached skill level 1 in Ice Magic
  2058 | D:3      | Reached skill level 1 in Air Magic
  2058 | D:3      | Reached skill level 1 in Earth Magic
  2058 | D:3      | Reached skill level 1 in Poison Magic
  2216 | D:3      | Reached XP level 5. HP: 22/43 MP: 12/12
  2341 | D:3      | Slain by a gnoll

Skill      XL: |  1  2  3  4 |
---------------+-------------+-----
Spellcasting   | 5 |  5.1
Invocations    | 1 |  1.4
Short Blades   | 1 |  1.3
Long Blades    | 1 |  1.3
Axes           | 1 |  1.3
Maces & Flails | 1 |  1.3
Staves         | 1 |  1.3
Slings         | 1 |  1.3
Bows           | 1 |  1.3
Crossbows      | 1 |  1.3
Throwing       | 1 |  1.3
Stealth        | 1 |  1.3
Shields        | 1 |  1.3
Unarmed Combat | 1 |  1.3
Evocations     | 1 |  1.3
Conjurations   | 1 |  1.0
Hexes          | 1 |  1.0
Summonings     | 1 |  1.0
Necromancy     | 1 |  1.0
Translocations | 1 |  1.0
Transmutations | 1 |  1.0
Fire Magic     | 1 |  1.0
Ice Magic      | 1 |  1.0
Air Magic      | 1 |  1.0
Earth Magic    | 1 |  1.0
Poison Magic   | 1 |  1.0
Fighting       | |  4.7
Polearms       | |  4.7
Armour         | |  2.8
Dodging        | |  4.7
Charms         | |  5.5

Action                   |  1- 3 |  4- 6 || total
-------------------------+-------+-------++-------
Melee: Spear             |   162 |   160 ||   322
       Bite              |    15 |    20 ||    35
Throw: Stone             |    41 |    22 ||    63
 Cast: Shroud of Golubri |       |     1 ||     1
  Use: Scroll            |     4 |     1 ||     5
  Eat: Ration            |     1 |     1 ||     2
Armor: Ring mail         |    38 |       ||    38
       Scale mail        |    17 |    42 ||    59
Dodge: Dodged            |    76 |    85 ||   161
